Map: Seeds of Aiur

Players

ILIEKEGGPIE - Winner!

  • Race: Protoss Protoss
  • League: Platinum
  • Spawn Location: 1:00

BizMac - Winner!

  • Race: Zerg Zerg
  • League: Platinum
  • Spawn Location: 1:00

CaptainKirk

  • Race: Zerg Zerg
  • League: Gold
  • Spawn Location: 7:00

ƊƐM

  • Race: Zerg Zerg
  • League: Silver
  • Spawn Location: 7:00

VOD

Have the link to the VOD?

Description

Time

  • Played on: April 27, 2018, 6:51 p.m.
  • Length: 6:13
Show
View Real Time Build Order
Export as new Build Order

ILIEKEGGPIE Protoss - Winner!

Build Orders:  

Get SALT Encoding   

  12  0:01  Probe  
  13  0:13  Probe  
  14  0:22  Pylon  
  14  0:34  Probe  
  14  0:42  Probe  
  15  0:46  Gateway  
  16  0:54  Gateway  
  16  0:55  Probe  
  17  1:07  Probe  
  18  1:12  Gateway  
  18  1:22  Pylon  
  18  1:24  Assimilator  
  18  1:28  Probe  
  19  1:34  Assimilator  
  19  1:40  Probe  
  20  1:47  Cybernetics Core  
  20  1:55  Probe  
  21  2:07  Probe  
  22  2:15  Probe  
  23  2:25  Adept  
  22  2:33  Adept x2  
  28  2:39  Pylon  
  28  2:40  Warp Gate  
  28  2:46  Probe  
  29  3:08  Adept  
  29  3:14  Adept x2  
  35  3:31  Adept  
  35  3:34  Pylon  
  37  3:51  Adept  
  37  3:52  Adept  
  37  3:53  Shield Battery  
  37  3:55  Gateway  
  41  4:09  Probe  
  46  4:34  Pylon  
  46  4:36  Pylon  
  28  5:07  Adept x3  
  28  5:08  Adept  
  36  5:28  Twilight Council  
  36  5:31  Forge  
  36  5:33  Sentry x2  
  36  5:34  Sentry x2  
  44  5:37  Nexus  
Show
View Real Time Build Order
Export as new Build Order

BizMac Zerg - Winner!

Build Orders: Pool First 

Get SALT Encoding   

  12  0:01  Drone  
  13  0:23  Spawning Pool  
  13  0:26  Drone  
  13  0:33  Extractor  
  13  0:34  Drone  
  13  0:42  Overlord  
  13  0:50  Drone  
  14  1:08  Drone  
  15  1:11  Queen  
  15  1:15  Zergling x4  
  19  1:29  Overlord  
  19  1:33  Zergling x2  
  19  1:37  Metabolic Boost  
  20  1:54  Overlord  
  20  1:57  Baneling Nest  
  20  2:00  Drone  
  20  2:14  Zergling x4  
  21  2:38  Zergling x8  
  25  2:51  Zergling x2  
  25  3:19  Zergling x8  
  28  3:29  Baneling x6  
  28  3:30  Baneling, Zergling x2  
  29  3:47  Hatchery  
  26  4:02  Zergling x6  
  26  4:19  Zergling x4  
  26  4:20  Zergling x2  
  28  4:35  Zergling x2  
  27  5:00  Zergling x2  
  27  5:01  Zergling x4  
  20  5:24  Zergling x8  
  20  5:25  Zergling x4  
  25  5:31  Queen, Extractor  
  25  5:35  Baneling x2  
Show
View Real Time Build Order
Export as new Build Order

CaptainKirk Zerg 

Build Orders: Pool First 

Get SALT Encoding   

  12  0:02  Drone  
  13  0:08  Drone  
  14  0:18  Overlord  
  14  0:29  Extractor  
  14  0:30  Extractor  
  14  0:32  Overlord  
  14  0:34  Drone  
  14  0:43  Drone  
  15  0:56  Spawning Pool  
  14  1:00  Drone  
  15  1:10  Drone x2  
  17  1:18  Drone  
  18  1:28  Drone  
  19  1:43  Zergling x2  
  19  1:45  Queen  
  22  1:54  Zergling x2  
  23  2:04  Hatchery  
  22  2:20  Zergling x4  
  22  2:22  Metabolic Boost  
  22  2:32  Zergling x2  
  22  2:34  Zergling x2  
  24  2:47  Drone  
  24  2:50  Lair  
  25  3:04  Baneling Nest  
  24  3:09  Drone  
  24  3:10  Drone  
  26  3:18  Queen  
  28  3:32  Drone  
  28  3:33  Drone x2  
  31  3:35  Drone x2  
  31  3:39  Drone x3  
  32  4:12  Overlord x3  
  32  4:14  Zergling x6  
  35  4:33  Zergling x2  
  32  4:38  Zergling x4  
  32  4:39  Zergling x12  
  36  4:47  Baneling x2  
  29  5:23  Baneling x4  
  29  5:24  Baneling x3  
  29  5:27  Queen  
  31  5:28  Queen  
  31  5:30  Drone  
  31  5:31  Drone x6  
  31  5:32  Drone x2  
Show
View Real Time Build Order
Export as new Build Order

ƊƐM Zerg 

Build Orders: Hatch First 

Get SALT Encoding   

  12  0:02  Drone  
  13  0:12  Overlord  
  13  0:18  Drone  
  14  0:32  Drone x2  
  16  0:38  Drone  
  17  0:56  Hatchery  
  16  1:00  Drone  
  16  1:01  Drone  
  18  1:14  Extractor  
  18  1:18  Spawning Pool  
  16  1:20  Drone  
  16  1:24  Drone  
  18  1:30  Drone  
  19  1:52  Drone  
  20  1:55  Overlord  
  20  2:06  Queen  
  22  2:09  Queen  
  22  2:10  Drone  
  25  2:17  Metabolic Boost  
  25  2:19  Drone  
  26  2:31  Zergling x6  
  26  2:32  Zergling x2  
  30  2:57  Zergling x2  
  30  2:58  Zergling x8  
  35  3:09  Drone  
  35  3:10  Baneling Nest  
  35  3:12  Overlord  
  33  3:29  Overlord  
  33  3:35  Zergling x12  
  33  3:36  Zergling x2  
  31  4:06  Queen  
  31  4:10  Zergling x2  
  31  4:11  Zergling x12  
  31  4:12  Zergling x6  
  23  4:39  Zergling x2  
  23  4:40  Zergling x10  
  23  4:41  Zergling x4  
  29  4:56  Queen  
  17  5:18  Queen  
  19  5:23  Zergling x2  
  19  5:24  Zergling x4  
  22  5:41  Drone  
  22  5:42  Drone x2  
Tags
 
Add a new tag
Caveats
  • Supply blocks, unpowered buildings, or Contaminate may cause inaccurate times.
  • Supply counts are checked every 10 seconds.